AoeStats
← ercoba92

Fortress

509575371Analyzed
2v2 RM · 6d ago on Sep 27, 2026· 30m 36s· 4 players
Game mode
Random Map
Map size
Normal (6 player)
Population
200
Speed
Normal
Resources
Standard
Victory
Conquest
Starting age
Dark Age
Ending age
Imperial Age
RankedLock teamsTeams togetherTeam positionsShared explorationLock speedFull tech treeHidden civsTurbo modeCheats
Victory
Defeat
🇦🇺 Saxons · Australia
1107
+14
🇦🇺 Persians · Australia
899
+24
🇨🇳 Teutons · China
1066
-19
🇪🇸 Huns · Spain
1059
-56
咕咕咕
6:02 Loom
8:40 Feudal Age
9:42 Double-Bit Axe
9:48 Horse Collar
13:06 Castle Age
11:18 Stone Mining
17:56 Town Watch
19:05 Wheelbarrow
18:41 Heavy Plow
21:36 Caravan
22:39 Bow Saw
24:47 Hand Cart
24:40 Gold Mining
25:28 Fletching
25:39 Scale Mail Armor
25:21 Pikeman
26:36 Squires
30:24 Imperial Age
28:26 Scale Barding Armor
28:38 Chain Mail Armor
ercoba92
8:44 Feudal Age
16:45 Scale Barding Armor
16:41 Padded Archer Armor
16:42 Scale Mail Armor
16:33 Fletching
16:53 Forging
22:52 Castle Age
22:29 Gold Mining
22:31 Stone Mining
22:34 Double-Bit Axe
27:25 Pikeman
28:06 Squires
29:40 Husbandry
FaZe Clarence
7:34 Feudal Age
11:13 Castle Age
9:34 Double-Bit Axe
13:13 Horse Collar
15:27 Loom
16:41 Bow Saw
18:38 Town Watch
19:42 Husbandry
23:25 Imperial Age
21:36 Wheelbarrow
22:22 Forging
22:22 Scale Barding Armor
22:26 Husbandry
23:39 Bloodlines
25:05 Pikeman
25:57 Halberdier
26:44 Squires
28:12 Two-Man Saw
29:29 Heavy Camel Rider
AttackingJonah
7:03 Feudal Age
11:46 Castle Age
9:54 Double-Bit Axe
10:10 Horse Collar
13:08 Bow Saw
15:16 Town Watch
15:23 Loom
18:07 Wheelbarrow
18:47 Town Patrol
19:13 Heavy Plow
20:30 Hand Cart
21:57 Gold Mining
21:58 Stone Mining
26:07 Imperial Age
25:46 Squires
25:32 Arson
26:01 Forging
25:52 Scale Mail Armor
25:43 Fletching
27:10 Conscription
28:19 Chain Mail Armor
28:40 Iron Casting
29:17 Elite Hearth Troop
Connection lost

Rejoining the realm…

Still unreachable

The connection could not be restored.

Session expired

The server has moved on; the page needs a fresh start.